[Event "Titled Tuesday Blitz February 07 Early 2023"]
[White "Gutkin, Ilya"]
[Black "Skliarov, Viktor"]
[WhiteFideId "16203470"]
[BlackFideId "14106736"]
[WhiteElo "2273"]
[BlackElo "2383"]
[Result "1-0"]
[Round "02"]
[TimeControl "180+2"]
[Date "2023.02.07"]
[WhiteClock "0:00:04"]
[BlackClock "0:00:07"]

1. Nf3 g6 2. d4 Bg7 3. e4 c6 4. c3 d5 5. Nbd2 dxe4 6. Nxe4 Nf6 7. Nxf6+ Bxf6 8. Bh6 Bg4 9. Be2 Qb6 10. Qd2 Nd7 11. h3 Bxf3 12. Bxf3 e6 13. O-O O-O-O 14. a4 a6 15. b4 Rhg8 16. Be3 Qc7 17. b5 cxb5 18. axb5 a5 19. c4 b6 20. Qc2 e5 21. Qe4 exd4 22. Qa8+ Nb8 23. Bg4+ Rd7 24. Bxd7+ Qxd7 25. Bf4 Qb7 26. Qxb8+ Qxb8 27. Bxb8 Kxb8 28. Rfd1 Rc8 29. Ra4 Kb7 30. Kf1 Rc5 31. Ke2 Kc7 32. Kd3 Kd7 33. Ra2 Rg5 34. g3 h5 35. h4 Rf5 36. Re1 Rf3+ 37. Ke4 Rc3 38. Kd5 d3 39. Rd1 Rc2 40. Rxc2 dxc2 41. Rc1 a4 42. Rxc2 a3 43. Ra2 Bb2 44. c5 bxc5 45. Kxc5 Kc7 46. b6+ Kb7 47. Kb5 f6 48. f3 g5 49. f4 gxh4 50. gxh4 f5 51. Kc5 Kb8 52. Kc6 Kc8 53. Kd5 Kb7 54. Ke6 Kxb6 55. Kxf5 Kb5 56. Kg5 Kb4 57. Kxh5 Kb3 58. Rxa3+ Kxa3 59. Kg6 Kb4 60. f5 Kc5 61. f6 Kd6 62. Kf7 Kd7 63. h5 Bc1 64. Kg6 Ke8 65. Kg7 Bb2 66. h6 Bxf6+ 67. Kxf6 Kf8 68. h7 Ke8 69. h8=Q+ Kd7 70. Qf8 1-0


[Site "https://www.chess.com"]

[Event "Titled Tuesday Blitz February 07 Early 2023"]
[White "Akobian, Varuzhan"]
[Black "Fernandez Garcia, Gumersindo"]
[WhiteFideId "13300580"]
[BlackFideId "24516740"]
[WhiteElo "2591"]
[BlackElo "2160"]
[Result "0-1"]
[Round "02"]
[TimeControl "180+2"]
[Date "2023.02.07"]
[WhiteClock "0:00:02"]
[BlackClock "0:00:03"]

1. d4 Nf6 2. c4 e6 3. Nf3 d5 4. cxd5 exd5 5. Nc3 c6 6. Qc2 Be7 7. Bg5 O-O 8. e3 h6 9. Bh4 a5 10. Bd3 Na6 11. a3 Nc7 12. O-O Re8 13. Rab1 Ne6 14. b4 axb4 15. axb4 b5 16. Ne5 Bb7 17. Rfc1 Nd7 18. Bh7+ Kf8 19. Nxf7 Kxf7 20. Qg6+ Kf8 21. Qxe6 Bxh4 22. Qg8+ Ke7 23. Qxg7+ Kd6 24. Bf5 Bf6 25. Qxh6 Rh8 26. Qf4+ Ke7 27. e4 Rh4 28. Qg3 Qg8 29. Qc7 Qc8 30. Qg3 Qg8 31. Qe3 Bg5 32. Qe2 Bxc1 33. exd5+ Kd8 34. Rxc1 Rxd4 35. Qe3 Rxb4 36. Re1 Qf8 37. g4 Rc4 38. Qe6 Nf6 39. g5 Qg7 40. Qd6+ Nd7 41. f4 Qd4+ 42. Kf1 Qg7 43. Ne4 Rxe4 44. Rxe4 cxd5 45. Re1 d4 0-1


[Site "https://www.chess.com"]

[Event "Titled Tuesday Blitz February 07 Early 2023"]
[White "Mushini Ajay"]
[Black "Belozerov, Andrei"]
[WhiteFideId "35066188"]
[BlackFideId "4120213"]
[WhiteElo "2310"]
[BlackElo "2461"]
[Result "0-1"]
[Round "02"]
[TimeControl "180+2"]
[Date "2023.02.07"]
[WhiteClock "0:00:14"]
[BlackClock "0:00:15"]

1. e4 c5 2. Nf3 Nc6 3. Bb5 g6 4. Bxc6 bxc6 5. O-O Bg7 6. Re1 Nf6 7. c3 O-O 8. d4 d5 9. e5 Ne4 10. g3 cxd4 11. Nxd4 Qb6 12. f3 Nc5 13. b4 Nd7 14. Be3 Nxe5 15. Ne6 fxe6 16. Bxb6 Nxf3+ 17. Kg2 Nxe1+ 18. Qxe1 axb6 19. a4 e5 20. a5 e4 21. Ra2 Bg4 22. h3 Bf3+ 23. Kh2 Be5 24. Qe3 bxa5 25. Rxa5 Rad8 26. Nd2 Bh5 27. Nxe4 Rf3 28. Qb6 Rdf8 29. Qxc6 dxe4 30. Qe6+ R8f7 31. Ra8+ Kg7 32. Qxe5+ Kh6 33. Ra2 e3 34. g4 Bxg4 35. hxg4 Rf2+ 36. Rxf2 exf2 37. Qe3+ Kg7 38. Qd4+ Kg8 39. Qd7 f1=Q 40. Qd8+ Kg7 41. Qd4+ Qf6 42. Kg3 Qxd4 43. cxd4 e6 44. g5 Rb7 45. Kf4 Rxb4 46. Ke5 Rb5+ 47. Kxe6 Rxg5 48. d5 h5 49. d6 Rg1 50. d7 Re1+ 51. Kd6 Rd1+ 52. Ke7 Rxd7+ 53. Kxd7 h4 54. Ke6 h3 55. Ke5 h2 56. Ke4 h1=Q+ 0-1


[Site "https://www.chess.com"]

[Event "Titled Tuesday Blitz February 07 Early 2023"]
[White "I_KID_you_not"]
[Black "Kononenko, Dmitry"]
[BlackFideId "14113538"]
[WhiteElo "2342"]
[BlackElo "2256"]
[Result "0-1"]
[Round "02"]
[TimeControl "180+2"]
[Date "2023.02.07"]
[WhiteClock "0:00:13"]
[BlackClock "0:00:55"]

1. e4 d5 2. exd5 Qxd5 3. Nf3 Nf6 4. d4 Bg4 5. Be2 Nc6 6. h3 Bh5 7. c4 Qd7 8. d5 Bxf3 9. Bxf3 Ne5 10. O-O g6 11. Re1 Nxf3+ 12. Qxf3 Bg7 13. Nc3 O-O 14. Bf4 Rfe8 15. Be5 Rac8 16. Rad1 a6 17. b3 Qf5 18. Qxf5 gxf5 19. Ne2 Ne4 20. Bxg7 Kxg7 21. f3 Nc5 22. Nd4 Kf6 23. g4 e6 24. gxf5 exf5 25. Kf2 Rxe1 26. Kxe1 Re8+ 27. Kf2 f4 28. Ne2 Kf5 29. Nd4+ Kg5 30. Rg1+ Kf6 31. Rd1 Re3 32. Rd2 Nd3+ 33. Kf1 Ne5 34. Kf2 Rc3 35. Rc2 Rd3 36. Ne2 Rxf3+ 37. Kg2 h5 38. Rd2 Kg5 39. c5 Re3 40. Kf1 f3 41. Nd4 Nd3 42. Nxf3+ Rxf3+ 43. Ke2 Ne5 44. d6 cxd6 45. cxd6 Rxh3 46. d7 Rh2+ 47. Kd1 Rxd2+ 48. Kxd2 Nxd7 0-1


[Site "https://www.chess.com"]

[Event "Titled Tuesday Blitz February 07 Early 2023"]
[White "Lopez Del Alamo, Antonio"]
[Black "Iskusnyh, Sergei"]
[WhiteFideId "2227339"]
[BlackFideId "4120027"]
[WhiteElo "2280"]
[BlackElo "2440"]
[Result "0-1"]
[Round "02"]
[TimeControl "180+2"]
[Date "2023.02.07"]
[WhiteClock "0:02:22"]
[BlackClock "0:02:16"]

1. e4 e6 2. d3 c5 3. Nf3 Nc6 4. g3 g6 5. Bg2 Bg7 6. O-O Nge7 7. c3 e5 8. a3 d6 9. b4 O-O 10. b5 Na5 11. c4 f5 12. Nc3 f4 13. Nd5 Nxd5 14. exd5 e4 15. Bxf4 exf3 0-1


[Site "https://www.chess.com"]

[Event "Titled Tuesday Blitz February 07 Early 2023"]
[White "OKEKE, Isaac Chukwudalu"]
[Black "Karthik Rajaa"]
[WhiteFideId "8508526"]
[BlackFideId "25035215"]
[WhiteElo "2155"]
[BlackElo "2276"]
[Result "1/2-1/2"]
[Round "02"]
[TimeControl "180+2"]
[Date "2023.02.07"]
[WhiteClock "0:00:09"]
[BlackClock "0:00:23"]

1. e4 c6 2. d4 d5 3. Nc3 dxe4 4. Nxe4 Nd7 5. Nf3 Ngf6 6. Nxf6+ Nxf6 7. Bc4 Bf5 8. c3 e6 9. O-O Bd6 10. Ne5 Qc7 11. Re1 O-O 12. Qf3 c5 13. g4 Bxe5 14. dxe5 Nxg4 15. Qg3 Kh8 16. h3 Nh6 17. Qh4 Bg6 18. Bxh6 gxh6 19. Qxh6 Qe7 20. Kh2 Rg8 21. Rg1 Rad8 22. Rad1 Rxd1 23. Rxd1 Be4 24. Rg1 Rxg1 25. Kxg1 Bg6 26. Be2 Kg8 27. h4 Qd8 28. h5 Qh4 29. Bf3 b6 30. b3 Qh3 31. Be2 Qh4 32. Bf3 Qh3 33. Be2 Qh4 34. Bf3 1/2-1/2


[Site "https://www.chess.com"]

[Event "Titled Tuesday Blitz February 07 Early 2023"]
[White "Royal, Shreyas"]
[Black "Torres Dominguez, David"]
[WhiteFideId "448869"]
[BlackFideId "2220857"]
[WhiteElo "2438"]
[BlackElo "1994"]
[Result "1-0"]
[Round "02"]
[TimeControl "180+2"]
[Date "2023.02.07"]
[WhiteClock "0:02:22"]
[BlackClock "0:01:36"]

1. e4 Nc6 2. Nf3 e5 3. Bb5 Nge7 4. O-O g6 5. d4 exd4 6. Nxd4 Bg7 7. Be3 O-O 8. Nc3 d5 9. Nxd5 Nxd5 10. exd5 Qxd5 11. Bxc6 bxc6 12. c3 Rd8 13. Nxc6 Qxd1 14. Raxd1 Rxd1 15. Rxd1 Be6 16. Nxa7 Bxa2 17. h3 Be6 18. Nb5 c6 19. Nc7 Ra2 20. Rd8+ Bf8 21. Bh6 1-0


[Site "https://www.chess.com"]

[Event "Titled Tuesday Blitz February 07 Early 2023"]
[White "Sharafiev, Azat"]
[Black "Adithya A Chullikkad"]
[WhiteFideId "4186214"]
[BlackFideId "45078734"]
[WhiteElo "2427"]
[BlackElo "2259"]
[Result "1-0"]
[Round "02"]
[TimeControl "180+2"]
[Date "2023.02.07"]
[WhiteClock "0:00:13"]
[BlackClock "0:00:03"]

1. e4 c5 2. Nf3 d6 3. d4 cxd4 4. Nxd4 Nf6 5. Nc3 a6 6. f3 e5 7. Nb3 Be6 8. Be3 Be7 9. Qd2 Nbd7 10. O-O-O O-O 11. g4 b5 12. Nd5 Bxd5 13. exd5 Nb6 14. Bxb6 Qxb6 15. g5 Nh5 16. h4 a5 17. Kb1 a4 18. Nc1 Rfc8 19. Nd3 Qd4 20. Nb4 Qxd2 21. Rxd2 Nf4 22. Bxb5 a3 23. Nc6 Bf8 24. b4 f6 25. c4 fxg5 26. hxg5 h6 27. gxh6 gxh6 28. Rg1+ Kf7 29. Na5 Rcb8 30. Kc2 h5 31. Kb3 Bh6 32. Rh2 Rg8 33. Rxg8 Rxg8 34. Bc6 Bg5 35. b5 h4 36. b6 Nd3 37. b7 Nc5+ 38. Kxa3 Rb8 39. Kb4 Bf4 40. Rxh4 Bd2+ 41. Kb5 Bxa5 42. Kxa5 Nxb7+ 43. Bxb7 Kg6 44. Bc6 Kg5 45. Rg4+ Kf5 46. Bd7+ Kf6 47. a4 Rb7 48. Bc6 Rb1 49. Ka6 Rb3 50. f4 e4 51. Bb5 e3 52. Rg1 e2 53. Ka7 Kf5 54. a5 Kxf4 55. a6 Rd3 56. Kb7 Rd1 57. Rxd1 exd1=Q 58. a7 Qh5 59. a8=Q Qf7+ 60. Ka6 Qh7 61. Qb7 Qb1 62. Qf7+ Kg3 63. Qg7+ Kh2 64. Qh6+ Kg3 65. Qxd6+ Kf3 66. Qf6+ Ke3 67. Qg5+ Kd4 68. Qf4+ Kc5 69. Qc7+ Kd4 70. Qb6+ Ke5 71. d6 Qa2+ 72. Kb7 Qg2+ 73. Bc6 Qg7+ 74. d7 1-0


[Site "https://www.chess.com"]

[Event "Titled Tuesday Blitz February 07 Early 2023"]
[White "Tsydypov, Zhamsaran"]
[Black "Fajdetic, Hrvoje"]
[WhiteFideId "4108566"]
[BlackFideId "14501945"]
[WhiteElo "2518"]
[BlackElo "2151"]
[Result "1-0"]
[Round "02"]
[TimeControl "180+2"]
[Date "2023.02.07"]
[WhiteClock "0:02:16"]
[BlackClock "0:00:39"]

1. e4 e6 2. d4 d5 3. Nd2 dxe4 4. Nxe4 Nd7 5. Nf3 Ngf6 6. Nxf6+ Nxf6 7. Be3 b6 8. Bb5+ Bd7 9. Bd3 Bd6 10. O-O O-O 11. h3 Bc6 12. c4 Be4 13. Be2 c5 14. Qd2 Qc7 15. Rfd1 Rfd8 16. Qc3 Rac8 17. Bg5 Bxf3 18. Qxf3 cxd4 19. Bxf6 gxf6 20. Qxf6 Be5 21. Qg5+ Bg7 22. Bd3 Qe5 23. Qh4 h6 24. Re1 Qg5 25. Qe4 Rc5 26. f4 Qg3 27. Rf1 Qh4 28. b4 Rc7 29. Qh7+ Kf8 30. f5 exf5 31. Rxf5 Re7 32. Raf1 Rde8 33. Qg6 f6 34. Rxf6+ Bxf6 35. Rxf6+ Qxf6 36. Qxf6+ Rf7 37. Qh8+ Ke7 38. Qxd4 Rd8 39. Qh4+ Ke8 40. Bg6 1-0


[Site "https://www.chess.com"]

[Event "Titled Tuesday Blitz February 07 Early 2023"]
[White "Kozak, Adam"]
[Black "Mirzanurov, Bulat"]
[WhiteFideId "753246"]
[BlackFideId "4184521"]
[WhiteElo "2572"]
[BlackElo "2232"]
[Result "0-1"]
[Round "02"]
[TimeControl "180+2"]
[Date "2023.02.07"]
[WhiteClock "0:00:01"]
[BlackClock "0:00:02"]

1. e4 c5 2. Nf3 d6 3. d4 cxd4 4. Nxd4 Nf6 5. Nc3 a6 6. Bg5 Nbd7 7. Be3 b5 8. g4 Bb7 9. Bg2 h6 10. h4 Ne5 11. g5 hxg5 12. hxg5 Rxh1+ 13. Bxh1 Nfd7 14. f4 Nc4 15. Bc1 Nc5 16. g6 b4 17. gxf7+ Kxf7 18. Qe2 Nb6 19. Nd5 e6 20. Qh5+ Kg8 21. Nxb6 Qxb6 22. Be3 Nxe4 23. O-O-O e5 24. fxe5 dxe5 25. Qxe5 Nf6 26. Bxb7 Qxb7 27. Ne6 Re8 28. Bg5 Qe7 29. Re1 Qf7 30. Bxf6 Qxf6 31. Qd5 Qf7 32. b3 Be7 33. Qc6 Bf6 34. Qxa6 Bc3 35. Re3 Qf6 36. Qe2 Qg6 37. Qd1 Rxe6 38. Qd8+ Kh7 39. Rh3+ Qh6+ 40. Rxh6+ Rxh6 41. Qd3+ Kh8 42. Qe4 Rf6 0-1


[Site "https://www.chess.com"]

[Event "Titled Tuesday Blitz February 07 Early 2023"]
[White "Krzyzanowski, Marcin"]
[Black "Tarasova, Viktoriya"]
[WhiteFideId "1132199"]
[BlackFideId "4175840"]
[WhiteElo "2512"]
[BlackElo "2226"]
[Result "1-0"]
[Round "02"]
[TimeControl "180+2"]
[Date "2023.02.07"]
[WhiteClock "0:00:23"]
[BlackClock "0:00:11"]

1. Nf3 Nf6 2. g3 b6 3. Bg2 Bb7 4. O-O c5 5. c4 e6 6. Re1 Be7 7. Nc3 Nc6 8. e4 e5 9. Nd5 d6 10. d3 O-O 11. Be3 Nd4 12. Nxd4 cxd4 13. Bd2 Nxd5 14. exd5 Bc8 15. f4 Bf6 16. fxe5 dxe5 17. b4 Bf5 18. Qf3 Qd7 19. c5 bxc5 20. bxc5 Bg4 21. Qf1 Rab8 22. d6 Rb2 23. Ba5 Qe6 24. Bc7 Bg5 25. c6 Be3+ 26. Kh1 Rf2 27. Qxf2 Bxf2 28. Rf1 Be3 29. d7 Bg5 30. Rae1 Bf6 31. Rc1 Bh3 32. Bxh3 Qxh3 33. Bd6 Bg5 34. Bxf8 Bxc1 35. Rxc1 Qg4 36. Rf1 Qh3 37. Kg1 1-0


[Site "https://www.chess.com"]

[Event "Titled Tuesday Blitz February 07 Early 2023"]
[White "Mestnikov, Aisen"]
[Black "Harsha Bharathakoti"]
[WhiteFideId "34130117"]
[BlackFideId "5078776"]
[WhiteElo "2078"]
[BlackElo "2602"]
[Result "0-1"]
[Round "02"]
[TimeControl "180+2"]
[Date "2023.02.07"]
[WhiteClock "0:00:26"]
[BlackClock "0:02:28"]

1. d4 f5 2. c4 Nf6 3. Nf3 g6 4. g3 Bg7 5. Bg2 d6 6. O-O O-O 7. d5 Na6 8. Nd4 Bd7 9. Nc3 Rc8 10. a3 Nc5 11. b4 Nce4 12. Nxe4 Nxe4 13. Bb2 c6 14. dxc6 bxc6 15. Bxe4 fxe4 16. c5 e5 17. Qb3+ d5 18. Nc2 Bh3 19. Rfd1 Qf6 20. Qe3 d4 21. Nxd4 exd4 22. Bxd4 Qf5 23. Bxg7 Kxg7 24. Rd6 Rc7 25. Ra2 Rcf7 26. Qd4+ Kg8 27. e3 Qf3 0-1


[Site "https://www.chess.com"]

[Event "Titled Tuesday Blitz February 07 Early 2023"]
[White "Murzin, Volodar"]
[Black "Gatterer, Florian"]
[WhiteFideId "44155573"]
[BlackFideId "811688"]
[WhiteElo "2604"]
[BlackElo "2170"]
[Result "1-0"]
[Round "02"]
[TimeControl "180+2"]
[Date "2023.02.07"]
[WhiteClock "0:00:55"]
[BlackClock "0:00:01"]

1. e4 c5 2. Nf3 e6 3. g3 Nc6 4. Bg2 Nf6 5. Qe2 e5 6. O-O Be7 7. Nc3 O-O 8. Nd5 d6 9. c3 Be6 10. Ne1 Qd7 11. Nc2 Bh3 12. d3 Bxg2 13. Kxg2 Rae8 14. Nce3 Bd8 15. Nxf6+ Bxf6 16. f4 exf4 17. gxf4 Bd8 18. Qf3 Ne7 19. f5 f6 20. c4 b5 21. b3 bxc4 22. bxc4 Bc7 23. Bd2 Rb8 24. Rfb1 Rxb1 25. Rxb1 Rb8 26. Qd1 Qc8 27. Rxb8 Qxb8 28. Qa4 Kf7 29. Qc2 Qb7 30. Bc3 Qa6 31. Kf3 Kf8 32. h4 Kf7 33. h5 h6 34. Ng2 Qa3 35. Nf4 Ba5 36. Ba1 Qb4 37. Ng2 Qa3 38. Ne3 Qb4 39. Qc1 Qa4 40. Qb1 Qb4 41. Qxb4 Bxb4 42. Ke2 Ke8 43. Kd1 Kd7 44. Kc2 Be1 45. Ng2 Bg3 46. Bc3 Kc6 47. Ba5 Kd7 48. Kd2 Nc6 49. Bc3 a6 50. Ke3 Ke7 51. Ke2 Be5 52. Ke3 Bxc3 53. Nf4 Bd4+ 54. Kd2 Kf7 55. Ne6 Ne7 56. Nc7 a5 57. Kc2 Be5 58. Kb3 Bf4 59. Ka4 Bd2 60. Kb5 Be1 61. a4 Bd2 62. Kb6 Be1 63. Nb5 Bd2 64. Nxd6+ Kf8 65. Nb7 Bb4 66. Nxa5 Ke8 67. Nb7 Kd7 68. a5 Bxa5+ 69. Nxa5 Kd6 70. Nb7+ Ke5 71. Kxc5 Kf4 72. Kd6 Nc8+ 73. Ke6 Nb6 74. c5 1-0


[Site "https://www.chess.com"]

[Event "Titled Tuesday Blitz February 07 Early 2023"]
[White "Sanchez, Robert"]
[Black "Lobanov, Sergei"]
[WhiteFideId "2034360"]
[BlackFideId "24183750"]
[WhiteElo "1966"]
[BlackElo "2536"]
[Result "0-1"]
[Round "02"]
[TimeControl "180+2"]
[Date "2023.02.07"]
[WhiteClock "0:00:08"]
[BlackClock "0:00:26"]

1. e4 e5 2. Nf3 Nc6 3. Bb5 a6 4. Ba4 Bc5 5. c3 Nge7 6. O-O Ba7 7. d4 Ng6 8. Bg5 f6 9. Be3 O-O 10. Na3 d6 11. h3 Kh8 12. Rc1 Bd7 13. Re1 Qe8 14. Bc2 Qc8 15. Nh2 f5 16. exf5 Bxf5 17. Bxf5 Qxf5 18. Nc2 Rae8 19. d5 Bxe3 20. fxe3 Nce7 21. Qe2 Qe4 22. c4 b5 23. b3 bxc4 24. bxc4 Rb8 25. Rb1 Nf4 26. Qd2 Nd3 27. Rxb8 Rxb8 28. Rf1 Qxc4 29. Ne1 Nxe1 30. Qxe1 Qxd5 31. Qh4 Ng6 32. Qg5 Qe4 33. Ng4 Kg8 34. h4 h6 35. Qh5 Rb2 36. Rf2 Rxf2 37. Kxf2 Kh7 38. Kg1 c5 39. Nh2 Qxe3+ 40. Kf1 Qd3+ 41. Kg1 Qb1+ 42. Kf2 Qxa2+ 43. Kg1 Qxg2+ 44. Kxg2 Nf4+ 0-1


[Site "https://www.chess.com"]

[Event "Titled Tuesday Blitz February 07 Early 2023"]
[White "Bowden, Karl"]
[Black "Maximov, Dmitry"]
[WhiteFideId "400548"]
[BlackFideId "14105659"]
[WhiteElo "2348"]
[BlackElo "2497"]
[Result "0-1"]
[Round "02"]
[TimeControl "180+2"]
[Date "2023.02.07"]
[WhiteClock "0:00:01"]
[BlackClock "0:00:10"]

1. e4 c5 2. c3 Nf6 3. e5 Nd5 4. d4 cxd4 5. cxd4 d6 6. Nf3 e6 7. a3 Be7 8. Bd3 O-O 9. Qe2 Nc6 10. Qe4 f5 11. exf6 Nxf6 12. Qe2 d5 13. O-O Bd7 14. Nc3 Bd6 15. Bg5 a6 16. Rad1 Qc7 17. Bb1 Rae8 18. Qd3 g6 19. h3 Nh5 20. Rfe1 Rf7 21. Qe3 Ref8 22. Bh6 Rxf3 23. gxf3 Bf4 24. Bxf4 Nxf4 25. Ne2 Nxh3+ 26. Kg2 Nf4+ 27. Nxf4 Rxf4 28. Rh1 Qd6 29. Rh6 Rf7 30. Rdh1 Qe7 31. Bxg6 Rg7 32. Rxh7 Rxg6+ 33. Kf1 Qxh7 34. Rxh7 Kxh7 35. Qf4 Be8 36. Qc7+ Rg7 37. Qh2+ Kg8 38. Qh3 Nxd4 39. Qh6 Bb5+ 40. Ke1 Nxf3+ 41. Kd1 Ng5 42. Qf6 Be8 43. Kc2 Bg6+ 44. Kb3 Bf5 45. Qd8+ Kh7 46. Qf6 Ne4 47. Qh4+ Kg6 48. f3 Nd2+ 49. Kc3 Nxf3 50. Qg3+ Ng5 51. Qe5 Rh7 52. Kb4 b6 53. a4 Rh4+ 54. Ka3 Nf7 55. Qg3+ Rg4 56. Qe3 b5 57. axb5 axb5 58. Qb6 b4+ 59. Ka4 Bc2+ 60. Kb5 b3 61. Qf2 Nd6+ 62. Kc6 Nf5 63. Kd7 Kf6 64. Qd2 d4 65. Qb4 Rg7+ 0-1


[Site "https://www.chess.com"]

[Event "Titled Tuesday Blitz February 07 Early 2023"]
[White "Saydaliev, Saidakbar"]
[Black "Ilinca Ilinca, Felix Antonio"]
[WhiteFideId "14203693"]
[BlackFideId "54764998"]
[WhiteElo "2434"]
[BlackElo "2266"]
[Result "0-1"]
[Round "02"]
[TimeControl "180+2"]
[Date "2023.02.07"]
[WhiteClock "0:00:46"]
[BlackClock "0:00:31"]

1. b3 e5 2. Bb2 Nc6 3. e3 d5 4. Bb5 Ne7 5. Bxe5 a6 6. Bxc6+ Nxc6 7. Bb2 Qg5 8. Qf3 Bg4 9. Qg3 Bd6 10. f4 Qf5 11. h3 Qxc2 12. Bxg7 Rg8 13. Qxg4 h5 14. Qg5 Be7 15. Qh6 Qc1+ 16. Ke2 d4 17. Qh7 O-O-O 18. g4 dxe3 19. dxe3 Qd1+ 20. Kf2 Bh4+ 21. Kg2 Rxg7 22. Qxg7 Qc2+ 23. Kf3 Qf2+ 24. Ke4 Qg2+ 25. Nf3 Qc2# 0-1


[Site "https://www.chess.com"]

[Event "Titled Tuesday Blitz February 07 Early 2023"]
[White "Fernandez Guillen, Ernesto J."]
[Black "Melaugh, Shane"]
[WhiteFideId "3512428"]
[BlackFideId "2509580"]
[WhiteElo "2477"]
[BlackElo "2115"]
[Result "0-1"]
[Round "02"]
[TimeControl "180+2"]
[Date "2023.02.07"]
[WhiteClock "0:00:05"]
[BlackClock "0:00:03"]

1. e4 c5 2. Nf3 e6 3. d4 cxd4 4. Nxd4 Nf6 5. Nc3 Nc6 6. Nxc6 bxc6 7. Bd3 d5 8. O-O Be7 9. Re1 O-O 10. e5 Nd7 11. Qh5 f5 12. Bd2 Rb8 13. Rab1 Nc5 14. Ne2 Ne4 15. Be3 Bc5 16. Bxe4 Bxe3 17. fxe3 fxe4 18. Rf1 Bd7 19. c3 Qb6 20. Nd4 c5 21. Ne2 Rxf1+ 22. Rxf1 Be8 23. Qh4 Bf7 24. Qe7 Rb7 25. Qg5 h6 26. Qg3 Qxb2 27. Qf2 Qxa2 28. g4 Qa5 29. h4 Qd8 30. Qf4 Qxh4 31. Ng3 Qg5 32. Qxg5 hxg5 33. Ra1 Be8 34. Ra5 Bb5 35. Kf2 a6 36. Ke1 Bc4 37. Rxc5 Rb1+ 38. Kf2 Rb2+ 39. Kg1 Rc2 40. Rc7 Rxc3 41. Nh5 Rxe3 42. Rxg7+ Kf8 43. Ra7 Re1+ 44. Kg2 e3 45. Nf6 e2 46. Ra8+ Ke7 47. Ra7+ Kd8 48. Nd7 Rg1+ 49. Kxg1 e1=Q+ 50. Kg2 Qe2+ 51. Kg3 Qe3+ 52. Kg2 Qxa7 0-1


[Site "https://www.chess.com"]

[Event "Titled Tuesday Blitz February 07 Early 2023"]
[White "Cherniaiev, Tykhon"]
[Black "Mazurkiewicz, Michal"]
[WhiteFideId "14182360"]
[BlackFideId "1124943"]
[WhiteElo "2330"]
[BlackElo "2145"]
[Result "1/2-1/2"]
[Round "02"]
[TimeControl "180+2"]
[Date "2023.02.07"]
[WhiteClock "0:00:02"]
[BlackClock "0:00:02"]

1. Nf3 Nf6 2. d4 g6 3. c4 Bg7 4. Nc3 O-O 5. e4 d6 6. Be2 c5 7. O-O cxd4 8. Nxd4 Nc6 9. Be3 Nxd4 10. Bxd4 Qa5 11. f3 Be6 12. Qd2 Rfc8 13. b3 a6 14. a4 Nd7 15. Bxg7 Kxg7 16. Rfd1 Qb4 17. Qb2 f6 18. a5 Bxc4 19. Bxc4 Rxc4 20. Nd5 Qc5+ 21. Kh1 Rc2 22. Qd4 Qxd4 23. Rxd4 Kf7 24. Rad1 Rac8 25. Rb4 Rc1 26. Rd4 Rxd1+ 27. Rxd1 Rc2 28. h3 h5 29. Rd4 h4 30. Rb4 Nc5 31. Rb6 Nd3 32. Rxb7 Rc1+ 33. Kh2 Nf2 34. g3 Rc2 35. Rxe7+ Kf8 36. gxh4 Nxe4+ 37. Kg1 Nd2 38. Re3 Kf7 39. Nb4 Rb2 40. Nxa6 Rxb3 41. Kf2 Rxe3 42. Kxe3 Nc4+ 43. Kd4 Nxa5 44. Kd5 Nb7 45. Kc6 Nc5 46. Nc7 Nd3 47. Kxd6 Ne5 48. f4 Nf3 49. h5 g5 50. fxg5 fxg5 51. Nd5 Kg7 52. Ke6 Kh6 53. Nf6 Nd4+ 54. Ke5 Ne2 55. Kf5 Nf4 56. Kg4 Ne6 57. Ne4 Ng7 58. Nf6 Ne6 59. Ng8+ Kh7 60. Ne7 Kh6 61. Nf5+ Kh7 62. Ng3 Kh6 63. Ne4 Kh7 64. h4 gxh4 65. Kxh4 Ng7 66. Kg5 Nxh5 1/2-1/2


[Site "https://www.chess.com"]

[Event "Titled Tuesday Blitz February 07 Early 2023"]
[White "Harshavardhan G B"]
[Black "Dinu, Dumitru-Daniel"]
[WhiteFideId "25059009"]
[BlackFideId "1208403"]
[WhiteElo "2408"]
[BlackElo "2203"]
[Result "1-0"]
[Round "02"]
[TimeControl "180+2"]
[Date "2023.02.07"]
[WhiteClock "0:01:38"]
[BlackClock "0:01:34"]

1. Nf3 Nf6 2. g3 e6 3. Bg2 d5 4. O-O c5 5. d3 Nc6 6. Nbd2 g6 7. e4 Bg7 8. c3 O-O 9. Qe2 b6 10. Rd1 Ba6 11. c4 dxe4 12. dxe4 Nd4 13. Nxd4 Qxd4 14. e5 Ng4 15. Bxa8 Rxa8 16. Ne4 Qxc4 17. Qxg4 Qc2 18. Re1 Rd8 19. Nf6+ Bxf6 20. exf6 Rd4 21. Qf3 Rd5 22. Bh6 Bb7 23. Qf4 Rd8 24. Qc7 1-0


[Site "https://www.chess.com"]

[Event "Titled Tuesday Blitz February 07 Early 2023"]
[White "Titichoca Daza, Daniel"]
[Black "Tatarinov, Dmitry"]
[WhiteFideId "3309550"]
[BlackFideId "24160067"]
[WhiteElo "2180"]
[BlackElo "2310"]
[Result "0-1"]
[Round "02"]
[TimeControl "180+2"]
[Date "2023.02.07"]
[WhiteClock "0:00:15"]
[BlackClock "0:01:34"]

1. e4 e5 2. Nf3 Nc6 3. Bb5 g6 4. O-O Bg7 5. Nc3 Nge7 6. Nd5 O-O 7. c3 Nxd5 8. exd5 Ne7 9. Bc4 d6 10. h3 h6 11. d4 e4 12. Nd2 f5 13. Bb3 Kh7 14. Re1 c6 15. dxc6 bxc6 16. Nc4 d5 17. Ne5 Be6 18. h4 c5 19. Bf4 cxd4 20. cxd4 Qb6 21. Qd2 Rfc8 22. Rac1 Nc6 23. Nxc6 Rxc6 24. Rxc6 Qxc6 25. Rc1 Qb6 26. Rc7 Rc8 27. Rxc8 Bxc8 28. Bxd5 Qxd4 29. Qa5 g5 30. hxg5 hxg5 31. Bxg5 Qd1+ 32. Kh2 Qh5+ 33. Kg1 Qxg5 34. Qxa7 Qc1+ 35. Kh2 Kh6 36. Qb6+ Kg5 37. Qd8+ Kh6 38. Bf7 Qf4+ 39. Kg1 e3 40. fxe3 Qxe3+ 41. Kh1 Qe1+ 42. Kh2 Be5+ 43. g3 Qxg3+ 44. Kh1 Qh2# 0-1


[Site "https://www.chess.com"]

[Event "Titled Tuesday Blitz February 07 Early 2023"]
[White "Balabayeva, Xeniya"]
[Black "Mastrovasilis, Athanasios"]
[WhiteFideId "13719688"]
[BlackFideId "4201990"]
[WhiteElo "2191"]
[BlackElo "2497"]
[Result "0-1"]
[Round "02"]
[TimeControl "180+2"]
[Date "2023.02.07"]
[WhiteClock "0:00:01"]
[BlackClock "0:00:18"]

1. e4 c5 2. Nf3 g6 3. g3 Bg7 4. Bg2 Nc6 5. O-O e5 6. Nc3 Nge7 7. Re1 d6 8. Nd5 O-O 9. Nxe7+ Qxe7 10. c3 f5 11. exf5 gxf5 12. d3 h6 13. Nh4 Kh7 14. f4 Bf6 15. Nf3 Qg7 16. Re2 Bd7 17. Bd2 Rae8 18. Qe1 c4 19. dxc4 e4 20. Nh4 Bxh4 21. gxh4 Rg8 22. Be3 Be6 23. Kh1 Bxc4 24. Rd2 Bd3 25. Qf2 Re6 26. h5 Qg4 27. Rg1 Qxh5 28. Bf1 Rxg1+ 29. Qxg1 Rg6 30. Qf2 Bxf1 31. Qxf1 a6 32. Rf2 Ne7 33. Qc4 Rg7 34. Bd4 d5 35. Qf1 Rg4 36. h3 Rg3 37. Kh2 Qh4 0-1


[Site "https://www.chess.com"]

[Event "Titled Tuesday Blitz February 07 Early 2023"]
[White "Goncalves, Davi Sulzbacher"]
[Black "Bilych, Olexiy"]
[WhiteFideId "2154510"]
[BlackFideId "14156504"]
[WhiteElo "2282"]
[BlackElo "2441"]
[Result "0-1"]
[Round "02"]
[TimeControl "180+2"]
[Date "2023.02.07"]
[WhiteClock "0:00:01"]
[BlackClock "0:01:47"]

1. Nf3 d5 2. d4 Nf6 3. c4 c6 4. Nc3 e6 5. Bg5 dxc4 6. e4 b5 7. e5 h6 8. Bh4 g5 9. Nxg5 hxg5 10. Bxg5 Nbd7 11. g3 Bb7 12. exf6 Qb6 13. Bg2 O-O-O 14. a4 c5 15. a5 Qa6 16. d5 b4 17. O-O bxc3 18. bxc3 Nb8 19. Rb1 Bxd5 20. Bf4 Nc6 21. Bxd5 Rxd5 22. Qa4 Bd6 23. Be3 Ne5 24. Rb5 Qc6 25. Rfb1 Nf3+ 26. Kg2 Rxh2+ 27. Kxf3 Rd2+ 28. Kg4 Qe4+ 29. Bf4 Qf5+ 30. Kf3 Qd5+ 31. Kg4 Qh5# 0-1


[Site "https://www.chess.com"]